 Dungeon Crawl Stone Soup version 0.27-a0-797-g27d10ad80f (webtiles) character file.

Game seed: 18412978582763721416

109 polve the Insei (level 4, -2/35 HPs)
             Began as a Demonspawn Abyssal Knight on Mar 27, 2021.
             Was a Believer of Lugonu.
             Slain by an orc
             ... wielding a +4 flail of protection
              (11 damage)
             ... on level 3 of the Dungeon.
             The game lasted 00:02:34 (3983 turns).

polve the Insei (Demonspawn Abyssal Knight)         Turns: 3983, Time: 00:02:34

Health: -2/35      AC:  5    Str: 12    XL:     4   Next: 60%
Magic:  5/5        EV: 10    Int: 15    God:    Lugonu [**....]
Gold:   174        SH:  0    Dex: 12    Spells: 3/3 levels left

rFire    . . .     SeeInvis .     - Unarmed
rCold    . . .     Faith    .   (no shield)
rNeg     . . .     Spirit   .   a - +0 ring mail
rPois    .         Reflect  .   (helmet restricted)
rElec    .         Harm     .   (no cloak)
rCorr    .         Rampage  .   (no gloves)
Will     .....                  (no boots)
Stlth    +.........             (no amulet)
HPRegen  0.11/turn              (no ring)
MPRegen  0.09/turn              (no ring)

@: no status effects
A: claws 1, horns 2
a: Renounce Religion, Depart the Abyss, Bend Space


You were on level 3 of the Dungeon.
You worshipped Lugonu.
Lugonu was pleased with you.
You visited 1 branch of the dungeon, and saw 3 of its levels.
You visited the Abyss 1 time.

You collected 174 gold pieces.

Inventory:

Armour
 a - a +0 ring mail (worn)
Wands
 b - a wand of iceblast (8)
Scrolls
 c - a scroll of immolation {unknown}
 f - a scroll of enchant weapon


   Skills:
 - Level 3.0 Fighting
 - Level 2.5 Long Blades
 - Level 1.7 Armour
 - Level 0.8 Dodging
 + Level 3.4 Unarmed Combat
 - Level 2.4 Invocations


You had 3 spell levels left.
You didn't know any spells.
Your spell library was empty.

Dungeon Overview and Level Annotations

Branches:
Dungeon (3/15)

Altars:
Uskayaw
Xom


Innate Abilities, Weirdness & Mutations

You have sharp fingernails.
You have a pair of horns on your head.


Message History

An orc is wielding a +4 flail of protection and wearing a +0 leather armour of fire resistance.
The orc shouts! x2
The orc hits you with a +0 dagger.
The orc priest miscasts a cantrip.
Found a hide-covered altar of Uskayaw.
You scratch the orc but do no damage. The orc hits you with a +0 dagger.
You scratch the orc. Your headbutt misses the orc.
The orc is severely wounded.
The orc hits you but does no damage.
You barely miss the orc. You headbutt the orc.
You kill the orc!
Lugonu accepts your kill.
You scratch the orc.
The orc is lightly wounded.
The orc hits you but does no damage.
You claw the orc!
You kill the orc!
Lugonu accepts your kill.
You scratch the orc. You headbutt the orc.
The orc is severely wounded.
The orc priest calls down the wrath of Beogh upon you.
Beogh smites you! The orc barely misses you.
You aren't carrying any potions.
You scratch the orc but do no damage.
The orc is severely wounded.
The orc closely misses you.
You closely miss the orc.
The orc is severely wounded.
The orc hits you with a +4 flail of protection.
You barely miss the orc. Your headbutt misses the orc.
The orc is severely wounded.
The orc closely misses you.
You closely miss the orc.
The orc is severely wounded.
The orc hits you with a +4 flail of protection.
* * * LOW HITPOINT WARNING * * *
You closely miss the orc.
The orc is severely wounded.
The orc hits you with a +4 flail of protection!
You die...

.....##†###..
#...#########...#...##..
#..##...##..###.........
...#.#.#.##...#.#...###.
...#..#(((#._.+.#...# #.
#..#.#(#(##.. #.........
#..##(((##. ###.#...####
#...#########......##
#..ooo@.......#######
#######.###.........#
#.# #########.# ... #.#
##### #.# #.# #.# #.#
#.#


You could see 8 dancing weapons, an orc priest and 2 orcs.

Vanquished Creatures
  2 adders (D:2)
  2 worms
  A dart slug (D:1)
  11 orcs (D:3)
  5 ball pythons
  6 endoplasms
  3 giant cockroaches (D:1)
  5 goblins
  5 hobgoblins
  3 jackals (D:2)
  8 kobolds
  5 quokkas
  A bat (D:3)
  5 frilled lizards
  4 rats
66 creatures vanquished.

Notes
Turn   | Place    | Note
-------+----------+-------------------------------------------
     0 | Abyss:1  | polve the Demonspawn Abyssal Knight began the quest for the
                  | Orb.
     0 | Abyss:1  | Reached XP level 1. HP: 18/18 MP: 2/2
    58 | Abyss:1  | Noticed a small abomination
    70 | Abyss:1  | Noticed a large abomination
    71 | D:1      | Escaped the Abyss
   447 | D:1      | Gained mutation: You have a pair of small horns on your
                  | head. [demonic ancestry]
   447 | D:1      | Reached XP level 2. HP: 17/24 MP: 3/3
   623 | D:1      | Reached * piety under Lugonu
   709 | D:1      | Reached skill level 1 in Unarmed Combat
  1624 | D:2      | Gained mutation: You have sharp fingernails. [demonic
                  | ancestry]
  1624 | D:2      | Reached XP level 3. HP: 26/29 MP: 4/4
  2692 | D:2      | Gained mutation: You have a pair of horns on your head.
                  | [demonic ancestry]
  2692 | D:2      | Reached XP level 4. HP: 27/35 MP: 5/5
  2824 | D:2      | Reached ** piety under Lugonu
  3943 | D:3      | Found a shimmering altar of Xom.
  3967 | D:3      | Noticed a +0 dagger
  3967 | D:3      | Noticed a +0 falchion
  3968 | D:3      | Noticed a +0 falchion
  3969 | D:3      | Noticed a +0 short sword
  3969 | D:3      | Noticed a +0 spear
  3969 | D:3      | Noticed a +0 spear
  3970 | D:3      | Noticed a +0 dagger
  3970 | D:3      | Noticed a +0 short sword
  3972 | D:3      | Found a hide-covered altar of Uskayaw.
  3983 | D:3      | Slain by an orc

Illustrated notes

Levels and vault maps discovered:
D:1:      dpeg_arrival_oval, layout_loops_ring, minmay_tetromino_t2
D:2:      layout_basic, serial_corexii_hall, corexii_hall_statues_deadend,
          corexii_hall_statues_x
D:3:      layout_loops_ring, nicolae_overflow_crystal_walls,
          nicolae_uskayaw_en_pointe, gammafunk_ghost_cemetery, minivault_24

Skill      XL: |  1  2  3  4 |
---------------+-------------+-----
Long Blades    | 2 |  2.5
Unarmed Combat | 1 2 3 |  3.4
Fighting       | |  3.0
Armour         | |  1.7
Dodging        | |  0.8
Invocations    | |  2.4

Action                   |  1- 3 |  4- 6 || total
-------------------------+-------+-------++-------
Melee: Falchion          |   114 |       ||   114
       Headbutt          |    16 |    11 ||    27
       Unarmed           |     5 |    87 ||    92
Invok: Depart the Abyss  |     1 |       ||     1
  Use: Potion            |     2 |     1 ||     3
       Scroll            |       |     2 ||     2
 Stab: Distracted        |     1 |       ||     1
       Sleeping          |     1 |       ||     1
Armor: Leather armour    |    20 |     8 ||    28
       Ring mail         |       |    14 ||    14
Dodge: Dodged            |    69 |    43 ||   112
       Rpst.: Falchion   |    15 |       ||    15

Table legend: (Time is in decaauts)
 A = Elapsed time spent in this place.
 B = Non-inter-level travel time spent in this place.
 C = Inter-level travel time spent in this place.
 D = Time resting spent in this place.
 E = Time spent auto-exploring this place.
 F = Levels seen in this place.
 G = Mean time per level.
                   A        B        C        D        E       F      G
               +--------+--------+--------+--------+--------+-----+--------+
         Total |   4011 |   3809 |    202 |      1 |   3313 |   4 | 1002.8 |
       Dungeon |   3940 |   3738 |    202 |      1 |   3253 |   3 | 1313.3 |
         Abyss |     71 |     71 |      0 |      0 |     60 |   1 |   71.0 |
               +--------+--------+--------+--------+--------+-----+--------+

Top non-repeatable levels by time:
     D:2: 1904 daAuts
     D:1: 1474 daAuts
     D:3: 561 daAuts
 Abyss:1: 71 daAuts
